AoeStats
← Bu7

Arabia

510526822Analyzed
1v1 RM · 2d ago on Oct 1, 2026· 18m 52s· 2 players
Game mode
Random Map
Map size
Tiny (2 player)
Population
200
Speed
Normal
Resources
Standard
Victory
Conquest
Starting age
Dark Age
Ending age
Imperial Age
RankedLock teamsTeams togetherTeam positionsShared explorationLock speedFull tech treeHidden civsTurbo modeCheats
Victory
Defeat
🇦🇷 Armenians · Argentina
904
+16
🇹🇷 Spanish · Türkiye
896
-16
Bu7
4:22 Loom
11:05 Feudal Age
12:58 Double-Bit Axe
13:00 Horse Collar
Eldac 1ro
7:11 Loom
10:32 Feudal Age
11:34 Man-at-Arms
12:37 Long Swordsman
15:26 Scale Mail Armor
16:52 Arson
18:41 Forging
Connection lost

Rejoining the realm…

Still unreachable

The connection could not be restored.

Session expired

The server has moved on; the page needs a fresh start.